AoeStats
← Taisst

Oasis

509726073Analyzed
4v4 RM · 6d ago on Sep 27, 2026· 28m 24s· 8 players
Game mode
Random Map
Map size
Large (8 player)
Population
200
Speed
Normal
Resources
Standard
Victory
Conquest
Starting age
Dark Age
Ending age
Imperial Age
RankedLock teamsTeams togetherTeam positionsShared explorationLock speedFull tech treeHidden civsTurbo modeCheats
Victory
Defeat
🇫🇷 Vikings · France
1653
+16
🇲🇦 Saracens · Morocco
1568
+19
🇫🇷 Persians · France
1504
+22
🇫🇷 Japanese · France
1392
+26
🇲🇽 Poles · Mexico
1753
-25
🇲🇽 Varangians · Mexico
1671
-22
🇲🇽 Maya · Mexico
1582
-19
1533
-17
Sigfridito_aoe
10:54 Feudal Age
10:59 Loom
12:41 Double-Bit Axe
15:04 Castle Age
13:18 Horse Collar
16:11 Bow Saw
17:26 Gold Mining
21:48 Wheelbarrow
22:25 Scale Barding Armor
23:13 Bloodlines
23:52 Chain Barding Armor
25:24 Forging
27:29 Husbandry
123 POR PUNI Y SUS AMIGOS
7:39 Loom
10:10 Feudal Age
10:57 Double-Bit Axe
10:57 Horse Collar
14:38 Bloodlines
18:53 Scale Barding Armor
21:12 Gold Mining
23:43 Castle Age
24:28 Forging
25:22 Wheelbarrow
26:56 Arson
Walmart
0:26 Loom
11:50 Feudal Age
VENON FRIDA
6:34 Loom
6:40 Loom
9:14 Feudal Age
13:37 Double-Bit Axe
13:33 Horse Collar
21:19 Castle Age
21:32 Town Watch
22:43 Bow Saw
22:34 Heavy Plow
23:25 Fortified Wall
26:11 Wheelbarrow
25:27 Gold Mining
The Get Sum
7:13 Loom
10:13 Feudal Age
13:24 Fletching
13:59 Double-Bit Axe
22:06 Castle Age
20:10 Gold Mining
22:08 Crossbowman
22:43 Bodkin Arrow
24:33 Ballistics
24:53 Padded Archer Armor
Don JaMaL
6:41 Loom
9:01 Feudal Age
9:32 Double-Bit Axe
9:42 Horse Collar
18:15 Wheelbarrow
19:56 Castle Age
17:58 Gold Mining
20:34 Bloodlines
20:36 Scale Barding Armor
20:41 Forging
21:39 Bow Saw
21:46 Heavy Plow
24:11 Gold Shaft Mining
25:06 Stone Mining
26:00 Hand Cart
26:51 Stone Shaft Mining
Taisst
6:39 Loom
8:56 Feudal Age
9:11 Man-at-Arms
13:25 Double-Bit Axe
13:47 Horse Collar
20:44 Castle Age
19:46 Gold Mining
20:27 Fletching
21:08 Padded Archer Armor
21:27 Bodkin Arrow
21:45 Crossbowman
23:29 Gold Shaft Mining
23:10 Bow Saw
23:54 Wheelbarrow
24:40 Leather Archer Armor
26:33 Town Watch
Skrillll
9:08 Feudal Age
10:29 Wheelbarrow
10:04 Double-Bit Axe
10:01 Horse Collar
20:56 Castle Age
20:02 Bloodlines
19:47 Gold Mining
20:46 Scale Barding Armor
20:59 Light Cavalry
21:52 Bow Saw
22:18 Husbandry
23:27 Hand Cart
24:18 Forging
Connection lost

Rejoining the realm…

Still unreachable

The connection could not be restored.

Session expired

The server has moved on; the page needs a fresh start.